 Dungeon Crawl Stone Soup version 0.30-a0-292-g0f741e3f8e (webtiles) character file.

Game seed: 6125112820351970311

90 night the Shooter (level 4, -5/26 HPs)
             Began as a Deep Elf Hunter on Oct 17, 2022.
             Killed by nerve-wracking pain
             ... invoked by Grinder
              (13 damage)
             ... on level 4 of the Dungeon.
             The game lasted 00:05:58 (2216 turns).

night the Shooter (Deep Elf Hunter)                 Turns: 2216, Time: 00:05:58

Health: -5/26      AC: 11    Str:  8    XL:     4   Next: 32%
Magic:  6/6        EV: 13    Int: 16    God:
Gold:   240        SH:  0    Dex: 20    Spells: 3/3 levels left

rFire   . . .      SeeInvis .    b - +7 dagger of Baot {protect, Int+2}
rCold   . . .      Faith    .    (no shield)
rNeg    . . .      Spirit   .    c - +0 leather armour
rPois   .          Reflect  .    l - +0 helmet
rElec   .          Harm     .    (no cloak)
rCorr   .          Rampage  .    (no gloves)
Will    .....                    (no boots)
Stlth   ++........               (no amulet)
HPRegen 0.24/turn                (no ring)
MPRegen 0.10/turn                (no ring)

@: under a protective aura
A: no striking features
a: no special abilities


You were on level 4 of the Dungeon.
You visited 1 branch of the dungeon, and saw 4 of its levels.

You collected 240 gold pieces.

Inventory:

Hand Weapons
 a - a +0 shortbow
 b - the +7 dagger of Baot (weapon) {protect, Int+2}
   (You found it on level 3 of the Dungeon)

   It grants its wielder temporary protection when it strikes (+7 to AC).
   Int:       It affects your intelligence (+2).
 k - a +1 dagger of venom
 u - a +0 long sword
Missiles
 f - 32 stones
 n - 2 boomerangs
Armour
 c - a +0 leather armour (worn)
 l - a +0 helmet (worn)
Jewellery
 t - a ring of wizardry
Scrolls
 g - a scroll of vulnerability
 h - a scroll of torment
 i - 2 scrolls of immolation
 m - a scroll of amnesia {unknown}
 o - a scroll of enchant weapon {unknown}
 p - 3 scrolls of fog {unknown}
 q - 2 scrolls of poison {unknown}
 r - a scroll of teleportation {unknown}
 v - a scroll of identify
Potions
 d - 2 potions of brilliance {unknown}
 e - a potion of heal wounds {unknown}
 j - 2 potions of mutation {unknown}
 s - a potion of lignification {unknown}
 w - a potion of curing {unknown}


   Skills:
 + Level 2.1 Fighting
 + Level 1.5 Long Blades
 * Level 6.3 Ranged Weapons
 + Level 3.3 Dodging
 - Level 1.2 Stealth


You had 3 spell levels left.
You didn't know any spells.
Your spell library contained the following spells:

 Spells                   Type           Power      Damage    Failure   Level
 Dazzling Flash           Conj/Hex       0%         N/A       73%         3
 Anguish                  Hex/Necr       0%         N/A       98%         4
 Agony                    Necr           0%         N/A       100%        5
 Silence                  Hex/Air        0%         N/A       100%        5
 Enfeeble                 Hex            0%         N/A       100%        7


Dungeon Overview and Level Annotations

Branches:
Dungeon (4/15)
 Temple: D:4-7

Altars:

Shops:
D:1 *

Portals:
Abyss: D:3

Annotations:
D:3 2 transporters, Lanoc's ghost, weakling FeEn
D:4 Grinder


Message History

Found a spear.
w - an amethyst potion You now have 240 gold pieces (gained 12).
Grinder comes into view.
You shoot an arrow. The arrow closely misses Grinder.
Grinder gestures at you. You resist with significant effort.
You shoot an arrow. The arrow hits Grinder.
Grinder is lightly wounded.
You shoot an arrow. The arrow hits Grinder!
Grinder is moderately wounded.
You shoot an arrow. The arrow hits Grinder.
Grinder is heavily wounded.
Grinder gestures at you. You resist with significant effort.
You shoot an arrow. The arrow closely misses Grinder.
You shoot an arrow. The arrow closely misses Grinder.
Grinder hits you.
You writhe in agony.
You feel clever.
The +7 dagger of Baot {protect, Int+2} hums with potential!
b - the +7 dagger of Baot (weapon)
{protect, Int+2} You puncture Grinder!
Your weapon exudes an aura of protection.
Grinder is severely wounded.
Grinder closely misses you.
You closely miss Grinder.
Grinder is severely wounded.
Grinder gestures at you. Pain shoots through your body!
* * * LOW HITPOINT WARNING * * *
You barely miss Grinder.
Grinder is severely wounded.
Grinder gestures at you.
You barely resist. You barely miss Grinder.
Grinder is severely wounded.
Grinder gestures at you. Pain shoots through your body!
Ouch! That really hurt!
You die...

#.......).....................#
#.............................#
#.............................#
#......................########
##.........<.............
.........................
.........................
.[......................
##..............@5..$...
#......................
#......................
#......................
#).....................
#......................
#############.####..... #.#
..... ## .. #.


You could see Grinder.

Vanquished Creatures
  2 adders
  A worm (D:2)
  3 dart slugs
  9 endoplasms
  A giant cockroach (D:1)
  11 hobgoblins
  4 kobolds
  A quokka (D:1)
  5 ball pythons
  5 bats
  4 frilled lizards
  8 goblins
  3 rats
57 creatures vanquished.

Notes
Turn   | Place    | Note
-------+----------+-------------------------------------------
     0 | D:1      | night the Deep Elf Hunter began the quest for the Orb.
     0 | D:1      | Reached XP level 1. HP: 12/12 MP: 3/3
    66 | D:1      | Reached XP level 2. HP: 4/17 MP: 4/4
   369 | D:1      | Found a faded altar of an unknown god.
   392 | D:1      | Found Wanat's General Store.
   397 | D:1      | Reached XP level 3. HP: 21/21 MP: 5/5
   410 | D:1      | Reached skill level 1 in Long Blades
   726 | D:2      | Reached skill level 2 in Fighting
   726 | D:2      | Reached skill level 6 in Ranged Weapons
  1365 | D:3      | Reached XP level 4. HP: 26/26 MP: 6/6
  1435 | D:3      | You fall into a shaft and drop 1 floor!
  1613 | D:3      | Noticed a small abomination
  1648 | D:3      | Found a transporter.
  1653 | D:3      | Noticed a small abomination
  1661 | D:3      | Noticed Lanoc's ghost (weakling FeEn)
  1678 | D:3      | Found a one-way gate to the infinite horrors of the Abyss.
  1680 | D:3      | Found a transporter.
  1780 | D:3      | Identified the +7 dagger of Baot {protect, Int+2}
  2205 | D:4      | Noticed Grinder
  2216 | D:4      | Killed from afar by Grinder

Illustrated notes

Levels and vault maps discovered:
D:1:      onia_arrival_pentagram, layout_basic, basic_ecumenical_altar,
          serial_shops, nicolae_shop_window_shopping, chequers_mini_garden,
          moated_statue, serial_bayou_pond_a
D:2:      layout_basic, hex_large
D:3:      layout_loops_ring, gammafunk_ghost_abyssal_escape
D:4:      layout_basic, minmay_temple_entry_overgrown, uniq_grinder

Skill      XL: |  1  2  3 |
---------------+----------+-----
Long Blades    | 1 |  1.5
Dodging        | 3 |  3.3
Fighting       | 2 |  2.1
Ranged Weapons | 6 |  6.3
Stealth        | |  1.2

Action                   |  1- 3 |  4- 6 || total
-------------------------+-------+-------++-------
Melee: Dagger            |       |     5 ||     5
 Fire: Shortbow          |   123 |    28 ||   151
  Use: Scroll            |     2 |     1 ||     3
Armor: Leather armour    |    12 |       ||    12
Dodge: Dodged            |    29 |     1 ||    30

Table legend: (Time is in decaauts)
 A = Elapsed time spent in this place.
 B = Non-inter-level travel time spent in this place.
 C = Inter-level travel time spent in this place.
 D = Time resting spent in this place.
 E = Time spent auto-exploring this place.
 F = Levels seen in this place.
 G = Mean time per level.
                   A        B        C        D        E       F      G
               +--------+--------+--------+--------+--------+-----+--------+
         Total |   2249 |   2151 |     98 |     59 |   1590 |   4 |  562.2 |
       Dungeon |   2249 |   2151 |     98 |     59 |   1590 |   4 |  562.2 |
               +--------+--------+--------+--------+--------+-----+--------+

Top non-repeatable levels by time:
     D:2: 727 daAuts
     D:1: 657 daAuts
     D:3: 646 daAuts
     D:4: 217 daAuts
